 Dungeon Crawl Stone Soup version 0.31-a0-267-g3fc6992b3b (webtiles) character file.

Game seed: 4673883519836656354

3331 qw the Skirmisher (level 9, -3/80 (81) HPs)
             Began as a Minotaur Hexslinger on July 14, 2023.
             Slain by a wight
             ... wielding a +2 morningstar
              (4 damage)
             ... on level 8 of the Dungeon.
             The game lasted 00:02:41 (6264 turns).

qw the Skirmisher (Minotaur Hexslinger)             Turns: 6264, Time: 00:02:41

HP:   -3/80 (81)    AC: 13    Str: 13    XL:     9   Next: 71%
MP:   0/8           EV: 14    Int: 10    God:
Gold: 194           SH:  0    Dex: 17    Spells: 9/10 levels left

rFire   + + +        t - +0 orcbow
rCold   x . .        (shield currently unavailable)
rNeg    + . .        f - +0 robe of Heixzeon {+Inv rF+++ rC- rN+}
rPois   +            (helmet restricted)
rElec   .            m - +2 cloak
rCorr   .            n - +1 pair of gloves
SInv    +            (no boots)
Will    .....        k - amulet of guardian spirit
Stlth   ++           e - ring of see invisible
HPRegen 0.33/turn    p - +4 ring of protection
MPRegen 0.11/turn

%: guardian spirit
@: slowed, lightly drained, very slow
A: horns 2, retaliatory headbutt, talons 1, iridescent scales 1, low MP 1,
poison resistance
a: Evoke Invisibility


You were on level 8 of the Dungeon.
You visited 2 branches of the dungeon, and saw 9 of its levels.

You collected 374 gold pieces.
You spent 180 gold pieces at shops.


Innate Abilities, Weirdness & Mutations

You have a pair of horns on your head.
You reflexively headbutt those who attack you in melee.
You have sharp toenails.
You are partially covered in iridescent scales. (AC +2)
Your magical capacity is low. (-10% MP)
Your system is resistant to poisons. (rPois)


   Skills:
 - Level 8.1 Fighting
 - Level 12.3 Ranged Weapons
 + Level 1.9 Armour
 - Level 5.1 Dodging
 - Level 1.0 Spellcasting
 - Level 2.0 Hexes


You had 9 spell levels left.
You knew the following spells:

 Your Spells              Type           Power      Damage    Failure   Level
a - Slow                  Hex            16%        N/A       16%         1

Your spell library contained the following spells:

 Spells                   Type           Power      Damage    Failure   Level
 Inner Flame              Hex/Fire       2%         N/A       56%         3
 Portal Projectile        Hex/Tloc       4%         N/A       56%         3
 Cause Fear               Hex            2%         N/A       83%         4

Inventory:

Hand Weapons
 t - a +0 orcbow (weapon)
 Y - a +1 sling of draining
Armour
 c - a +0 ring mail
 f - the +0 robe of Heixzeon (worn) {+Inv rF+++ rC- rN+}
   (You found it on level 4 of the Dungeon)

   rF:        It renders you almost immune to fire.
   rC:        It makes you vulnerable to cold.
   rN:        It protects you from negative energy.
   +Inv:      It lets you turn invisible.
 m - a +2 cloak (worn)
 n - a +1 pair of gloves (worn)
 s - the +3 leather armour of Compression {rPois rF++ Dex+2 Stlth-}
   (You found it on level 8 of the Dungeon)

   Dex:       It affects your dexterity (+2).
   rF:        It greatly protects you from fire.
   rPois:     It protects you from poison.
   Stlth:     It makes you less stealthy.
Jewellery
 d - a ring of fire
 e - a ring of see invisible (left hand)
 h - a ring of positive energy
 k - an amulet of guardian spirit (around neck)
 p - a +4 ring of protection (right hand)
Potions
 a - 3 potions of enlightenment
 b - a potion of resistance {unknown}
 g - a potion of invisibility {unknown}
 i - a potion of attraction {unknown}
 j - 3 potions of mutation
 l - a potion of lignification {unknown}
 o - 2 potions of curing
 q - a potion of ambrosia {unknown}

Dungeon Overview and Level Annotations

Branches:
Dungeon (8/15)             Temple (1/1) D:7
   Lair: D:8-11

Altars:
Cheibriados
Dithmenos
Elyvilon
Fedhas
Gozag
Hepliaklqana
Kikubaaqudgha
Makhleb
Nemelex Xobeh
Okawaru
Sif Muna
Trog
Uskayaw
Vehumet
Wu Jian
Yredelemnul
Zin
The Shining One

Shops:
D:6 =


Message History

The centaur shouts!
The centaur wields a +0 orcbow.
The centaur shoots an arrow.
The arrow barely misses you.
The centaur shoots an arrow.
The arrow misses you.
You shoot an arrow. The arrow hits the wight.
The wight is lightly damaged.
The centaur shoots an arrow.
The arrow barely misses you. The wight hits you but does no damage.
You shoot an arrow. The arrow hits the wight.
The wight is lightly damaged.
The centaur shoots an arrow.
The arrow barely misses you. The wight hits you with a +0 war axe!
You partially resist.
You feel drained.
The wight hits you from afar with a +0 spear.
You shoot an arrow. The arrow hits the wight!
The wight is almost destroyed.
The centaur unwields a +0 orcbow.
The centaur closely misses you. You furiously retaliate!
You headbutt the centaur.
The centaur kicks you but does no damage.
The wight hits you with a +0 war axe! The wight misses you. x2
You shoot an arrow. The arrow barely misses the wight.
The centaur barely misses you. The centaur closely misses you.
The wight hits you but does no damage. The wight barely misses you.
The wight misses you. The centaur hits you.
The centaur kicks you but does no damage.
You shoot an arrow. The arrow hits the wight.
You destroy the wight!
The centaur hits you but does no damage.
The centaur kicks you. The wight closely misses you.
The wight hits you from afar with a +0 spear.
You partially resist.
You feel drained.
The centaur hits you but does no damage.
The centaur closely misses you.
An orc comes into view. It is wielding a +0 hand axe.
The wight closely misses you. The wight completely misses you.
You shoot an arrow.
The arrow hits the centaur but does no damage.
The centaur is lightly wounded.
The centaur hits you but does no damage.
The centaur closely misses you.
The wight hits you with a +2 morningstar.
You die...

o## ..
####.####
#........
#........
#..z.....
#).......
#@z...#
#.c......
#.......#
#####.###
#


You could see a centaur, 2 wights and an orc.

Vanquished Creatures
  Psyche (D:8)
  Sigmund (D:6)
  Eustachio (D:6)
  A steam dragon (D:6)
  Edmund (D:6)
  Menkaure (D:6)
  2 water moccasins
  2 black bears (D:8)
  2 sky beasts (D:7)
  2 ogres
  2 phantoms
  5 scorpions
  10 wights
  6 killer bees (D:6)
  A howler monkey (D:4)
  A hound (D:6)
  2 jellies
  2 orc priests
  3 orc wizards
  2 sleepcaps
  4 adders
  2 white imps
  2 worms
  2 dart slugs
  26 orcs
  5 bats
  11 endoplasms
  3 giant cockroaches
  6 goblins
  6 hobgoblins
  8 jackals
  3 quokkas
  8 ball pythons
  2 frilled lizards (D:1)
  11 kobolds
  5 rats
152 creatures vanquished.

Notes
Turn   | Place    | Note
-------+----------+-------------------------------------------
     0 | D:1      | qw the Minotaur Hexslinger began the quest for the Orb.
     0 | D:1      | Reached XP level 1. HP: 16/16 MP: 1/1
     0 | D:1      | 0 ||| qw: Version: 0.3-a-52-g30416fa
     0 | D:1      | 0 ||| qw: Game counter: 7887
     0 | D:1      | 0 ||| qw: Melee chars always use a shield: true
     0 | D:1      | 0 ||| qw: God list: Okawaru
     0 | D:1      | 0 ||| qw: Allow faded altars: false
     0 | D:1      | 0 ||| qw: Do Orc after clearing Dungeon:15 true
     0 | D:1      | 0 ||| qw: Do second Lair branch before Depths: true
     0 | D:1      | 0 ||| qw: Lair rune preference: random
     0 | D:1      | 0 ||| qw: Goals: Normal
     0 | D:1      | 0 ||| PLANNING D:1-11
    36 | D:1      | 36 ||| FLEEEEING.
    37 | D:1      | 37 ||| FLEEEEING.
    38 | D:1      | 38 ||| FLEEEEING.
    39 | D:1      | 39 ||| FLEEEEING.
    40 | D:1      | 40 ||| FLEEEEING.
    41 | D:1      | 41 ||| FLEEEEING.
   188 | D:1      | Reached skill level 3 in Ranged Weapons
   225 | D:1      | Reached XP level 2. HP: 23/23 MP: 2/2
   426 | D:1      | 426 ||| Stepping ~*~*~tactically~*~*~ (water).
   655 | D:1      | Reached XP level 3. HP: 29/29 MP: 3/3
   726 | D:1      | 726 ||| UPGRADING to +0 leather armour.
   736 | D:1      | 736 ||| DROPPING +0 robe.
   737 | D:1      | 737 ||| UPGRADING to amulet of guardian spirit.
   742 | D:1      | 742 ||| READING scroll labelled IROINY KUTEN.
   743 | D:1      | 743 ||| READING scroll labelled LOGHUJ TAMUCK.
   744 | D:1      | 744 ||| DRINKING 2 sedimented purple potions.
   745 | D:1      | 745 ||| DRINKING 2 coppery potions.
   745 | D:1      | Gained mutation: You have sharp toenails. [potion of
                  | mutation]
   745 | D:1      | Gained mutation: You are partially covered in iridescent
                  | scales. (AC +2) [potion of mutation]
   745 | D:1      | Gained mutation: Your magical capacity is low. (-10% MP)
                  | [potion of mutation]
   745 | D:1      | Gained mutation: Your system is resistant to poisons.
                  | (rPois) [potion of mutation]
   746 | D:1      | 746 ||| DROPPING scroll of poison.
  1173 | D:2      | Found a faded altar of an unknown god.
  1213 | D:2      | Reached skill level 4 in Ranged Weapons
  1541 | D:2      | 1541 ||| READING scroll labelled OCRUEL ZORPH.
  1542 | D:2      | 1542 ||| DRINKING 2 dark potions.
  1647 | D:2      | 1647 ||| DROPPING potion of berserk rage.
  1670 | D:3      | 1670 ||| STAIRDANCE
  1726 | D:2      | 1726 ||| UPGRADING to +0 ring mail.
  1736 | D:2      | 1736 ||| DROPPING +0 leather armour.
  1740 | D:3      | Reached XP level 4. HP: 28/36 MP: 2/3
  1740 | D:3      | 1740 ||| STAIRDANCE
  1743 | D:2      | Reached skill level 1 in Armour
  1920 | D:3      | 1920 ||| DRINKING 3 potions of curing.
  1920 | D:3      | 1920 ||| (to cure confusion)
  1922 | D:3      | Reached skill level 5 in Ranged Weapons
  1989 | D:3      | Reached XP level 5. HP: 42/42 MP: 4/4
  2137 | D:3      | 2137 ||| UPGRADING to +2 cloak.
  2142 | D:3      | 2142 ||| READING scroll labelled CIUKINWUSI.
  2147 | D:3      | 2147 ||| READING 2 scrolls labelled UNOPASA KODI.
  2148 | D:3      | 2148 ||| READING 2 scrolls labelled FEQYDI NUTUROY.
  2149 | D:3      | 2149 ||| READING scroll labelled LUMMAM MIT EDAFEE.
  2150 | D:3      | 2150 ||| DROPPING scroll of blinking.
  2190 | D:4      | Noticed an ogre
  2196 | D:4      | Killed an ogre
  2301 | D:4      | Found an opulent altar of Gozag.
  2318 | D:4      | Reached XP level 6. HP: 52/52 MP: 5/5
  2346 | D:4      | 2346 ||| FLEEEEING.
  2348 | D:4      | 2348 ||| DRINKING 2 potions of curing.
  2348 | D:4      | 2348 ||| (to cure confusion)
  2351 | D:4      | Reached skill level 6 in Ranged Weapons
  2360 | D:4      | Identified the +0 robe of Heixzeon {+Inv rF+++ rC- rN+}
  2417 | D:4      | 2417 ||| DRINKING potion of curing.
  2417 | D:4      | 2417 ||| (to cure confusion)
  2666 | D:4      | Reached skill level 7 in Ranged Weapons
  2989 | D:4      | Found a shimmering blue altar of Sif Muna.
  3017 | D:4      | 3017 ||| UPGRADING to +0 robe of Heixzeon {+Inv rF+++ rC-
                  | rN+}.
  3027 | D:4      | 3027 ||| READING scroll labelled JOSOHAI YVVOBE.
  3058 | D:5      | Entered Level 5 of the Dungeon
  3196 | D:5      | Reached XP level 7. HP: 51/59 MP: 4/6
  3275 | D:5      | Found a sparkling altar of Nemelex Xobeh.
  3319 | D:5      | Found a bloodstained altar of Trog.
  3372 | D:5      | Reached skill level 8 in Ranged Weapons
  3427 | D:5      | Reached skill level 3 in Dodging
  3538 | D:5      | 3538 ||| UPGRADING to +0 pair of gloves.
  3543 | D:5      | 3543 ||| READING scroll of enchant armour.
  3543 | D:5      | 3543 ||| ENCHANTING +0 pair of gloves.
  3544 | D:5      | 3544 ||| UPGRADING to ring of positive energy.
  3545 | D:5      | 3545 ||| UPGRADING to +4 ring of protection.
  3546 | D:5      | 3546 ||| DRINKING 4 viscous yellow potions.
  3547 | D:5      | 3547 ||| DRINKING 2 murky yellow potions.
  3576 | D:6      | Reached XP level 8. HP: 55/68 MP: 5/7
  3628 | D:6      | Reached skill level 9 in Ranged Weapons
  3645 | D:6      | Reached skill level 6 in Fighting
  3713 | D:6      | Noticed Edmund
  3714 | D:6      | Noticed Menkaure
  3719 | D:6      | Noticed Eustachio
  3727 | D:6      | HP: 13/71 [Menkaure (7)]
  3728 | D:6      | 3728 ||| READING 2 scrolls of teleportation.
  3729 | D:6      | 3729 ||| DRINKING potion of heal wounds.
  3732 | D:6      | Killed Edmund
  3733 | D:6      | Reached skill level 10 in Ranged Weapons
  3755 | D:6      | 3755 ||| FLEEEEING.
  3756 | D:6      | 3756 ||| FLEEEEING.
  3757 | D:6      | 3757 ||| FLEEEEING.
  3758 | D:6      | 3758 ||| FLEEEEING.
  3759 | D:6      | 3759 ||| FLEEEEING.
  3760 | D:6      | 3760 ||| FLEEEEING.
  3761 | D:6      | 3761 ||| FLEEEEING.
  3762 | D:6      | 3762 ||| FLEEEEING.
  3763 | D:6      | 3763 ||| FLEEEEING.
  3764 | D:6      | 3764 ||| FLEEEEING.
  3765 | D:6      | 3765 ||| STAIRDANCE
  3893 | D:6      | Noticed Sigmund
  3902 | D:6      | Killed Sigmund
  3936 | D:6      | Found Miereps's Jewellery Shop.
  3949 | D:6      | 3949 ||| SHOPLISTING +4 ring of protection (432 gold, have
                  | 290).
  3949 | D:6      | 3949 ||| SHOPLISTING amulet "Loask" {Faith Str+4 Dex+4}
                  | (765 gold, have 290).
  3949 | D:6      | 3949 ||| SHOPLISTING ring "Ofocziod" {rF- rN+ Will+ Str+4
                  | Slay+2} (508 gold, have 290).
  3949 | D:6      | 3949 ||| SHOPLISTING ring of fire (300 gold, have 290).
  3949 | D:6      | 3949 ||| SHOPLISTING ring of protection from fire (300
                  | gold, have 290).
  3949 | D:6      | 3949 ||| BUYING ring of see invisible (180 gold).
  3949 | D:6      | Bought a ring of see invisible for 180 gold pieces
  3949 | D:6      | 3949 ||| SHOPLISTING ring of willpower (300 gold, have
                  | 110).
  3965 | D:6      | Killed Menkaure
  4156 | D:6      | Killed Eustachio
  4157 | D:6      | Reached XP level 9. HP: 77/79 MP: 8/8
  4257 | D:6      | Found a burning altar of Makhleb.
  4308 | D:6      | 4308 ||| Stepping ~*~*~tactically~*~*~ (outnumbered).
  4326 | D:6      | Reached skill level 11 in Ranged Weapons
  4347 | D:6      | HP: 14/78 [wight/+5 spear (7)]
  4348 | D:6      | 4348 ||| READING scroll of teleportation.
  4719 | D:6      | Found a snail-covered altar of Cheibriados.
  4749 | D:6      | Found a hide-covered altar of Uskayaw.
  4928 | D:6      | Found a basalt altar of Yredelemnul.
  5041 | D:6      | 5041 ||| UPGRADING to ring of see invisible.
  5043 | D:6      | 5043 ||| READING scroll labelled ONIAKUSISK.
  5044 | D:6      | 5044 ||| READING scroll labelled GOWIQA SITO.
  5165 | D:7      | Found a staircase to the Ecumenical Temple.
  5166 | D:7      | 5166 ||| PLANNING TEMPLE
  5174 | Temple   | Entered the Ecumenical Temple
  5215 | Temple   | 5215 ||| PLANNING D:1-11
  6136 | D:8      | Identified the +3 leather armour of Compression {rPois rF++
                  | Dex+2 Stlth-}
  6145 | D:8      | Noticed Psyche
  6154 | D:8      | Killed Psyche
  6155 | D:8      | Reached skill level 12 in Ranged Weapons
  6225 | D:8      | Found an iron altar of Okawaru.
  6226 | D:8      | 6226 ||| PLANNING OKAWARU WORSHIP
  6226 | D:8      | 6226 ||| SWAPPING to +0 orcbow.
  6254 | D:8      | HP: 19/81 [asphyx]
  6255 | D:8      | 6255 ||| READING scroll of teleportation.
  6260 | D:8      | HP: 15/81 [wight/+0 war axe (7)]
  6261 | D:8      | HP: 3/79 [wight/+0 war axe (6)]
  6262 | D:8      | HP: 1/79 [centaur (2)]
  6264 | D:8      | Slain by a wight

Levels and vault maps discovered:
D:1:      dpeg_arrival_tiny_e, layout_basic, chequers_serial_rivers_marsh
D:2:      layout_loops_corners, ebering_ecumenical_altar_webs
D:3:      layout_rooms
D:4:      layout_loops_ring, general_overflow_altar,
          nicolae_gozag_cash_rules_everything_around_me, minmay_misc_feat_five,
          kennysheep_potato
D:5:      layout_rooms, mainiacjoe_overflow_cross_hatched,
          nemelex_diamond_rough_becter
D:6:      layout_basic, yredelemnul_altar_generic,
          mainiacjoe_overflow_surrounded_room,
          nicolae_uskayaw_murder_on_the_dancefloor, makhleb_heckhound_becter,
          serial_shops, shop, uniq_menkaure, uniq_sigmund, uniq_eustachio,
          uniq_edmund
D:7:      layout_basic, minmay_temple_entry_drinking_statues
D:8:      layout_loops_cross, mainiacjoe_overflow_brackets,
          mainiacjoe_overflow_six_doors_small, uniq_psyche, uniq_joseph
Temple:   nicolae_temple_cloud_nine

Skill      XL: |  1  2  3  4  5  6  7  8  9 |
---------------+----------------------------+-----
Ranged Weapons | 3 4 5 7 8 10 12 | 12.3
Fighting       | 2 4 5 7 8 |  8.1
Armour         | 1 |  1.9
Dodging        | 3 4 5 |  5.1
Spellcasting   | |  1.0
Hexes          | |  2.0

Action                     |  1- 3 |  4- 6 |  7- 9 || total
---------------------------+-------+-------+-------++-------
   Fire: Sling             |   106 |   175 |   311 ||   592
         Orcbow            |       |       |    37 ||    37
    Use: Potion            |     3 |     3 |     3 ||     9
         Scroll            |     3 |     5 |     6 ||    14
 Armour: Robe              |     4 |       |    86 ||    90
         Leather armour    |     8 |       |       ||     8
         Ring mail         |       |    45 |       ||    45
  Dodge: Dodged            |    35 |    43 |   206 ||   284

Table legend:
 A = Non-vault XP
 B = Vault XP
 C = Vault XP percentage of total XP
 D = Non-vault monster count
 E = Vault monster count
 F = Vault count percentage of total count
                 A         B        C        D         E       F
            +---------+---------+-------+---------+---------+-------
      Total |    3635 |    1124 |  23.6 |     143 |       9 |   5.9
            +---------+---------+-------+---------+---------+-------
        D:1 |      41 |       0 |   0.0 |      24 |       0 |   0.0
        D:2 |      71 |       0 |   0.0 |      21 |       0 |   0.0
        D:3 |      93 |       0 |   0.0 |      22 |       0 |   0.0
        D:4 |     515 |       4 |   0.8 |      28 |       3 |   9.7
        D:5 |     578 |       0 |   0.0 |       7 |       0 |   0.0
        D:6 |    1494 |     788 |  34.5 |      27 |       5 |  15.6
        D:7 |     460 |       0 |   0.0 |       5 |       0 |   0.0
        D:8 |     383 |     332 |  46.4 |       9 |       1 |  10.0
            +---------+---------+-------+---------+---------+-------
